 Dungeon Crawl Stone Soup version 0.28.0-43-g3370ac3207 (webtiles) character file.

Game seed: 15505959455230169084

79 zeratav the Sneak (level 4, -1/21 HPs)
             Began as a Spriggan Enchanter on Mar 31, 2022.
             Slain by a gnoll
             ... wielding a +1 halberd of freezing
              (6 damage)
             ... on level 3 of the Dungeon.
             The game lasted 00:10:43 (2714 turns).

zeratav the Sneak (Spriggan Enchanter)              Turns: 2714, Time: 00:10:44

Health: -1/21      AC:  2    Str:  4    XL:     4   Next: 17%
Magic:  3/9        EV: 21    Int: 24    God:
Gold:   149        SH:  0    Dex: 15    Spells: 7/9 levels left

rFire   . . .      SeeInvis +   a - +1 dagger
rCold   . . .      Faith    .   (no shield)
rNeg    . . .      Spirit   .   b - +0 robe
rPois   .          Reflect  .   (helmet restricted)
rElec   .          Harm     +   l - scarf {harm}
rCorr   .          Rampage  .   (gloves unavailable)
Will    .....                   (boots unavailable)
Stlth   +++.......              f - amulet of regeneration
HPRegen 0.87/turn               k - +6 ring of intelligence
MPRegen 0.11/turn               p - +4 ring of evasion

@: very quick
A: very small, no large weapons, unfitting armour, see invisible, speed 3
a: no special abilities


You were on level 3 of the Dungeon.
You visited 1 branch of the dungeon, and saw 3 of its levels.

You collected 149 gold pieces.

Inventory:

Hand Weapons
 a - a +1 dagger (weapon)
Missiles
 h - 48 stones (quivered)
Armour
 b - a +0 robe (worn)
 l - a scarf of harm (worn)
Jewellery
 f - an amulet of regeneration (around neck)
 k - a +6 ring of intelligence (left hand)
 p - a +4 ring of evasion (right hand)
Scrolls
 i - a scroll of immolation {unknown}
 n - 2 scrolls of teleportation {unknown}
 o - a scroll of fear {unknown}
 q - a scroll of vulnerability {unknown}
Potions
 c - 3 potions of invisibility
 d - a potion of lignification {unknown}
 e - a potion of might {unknown}
 g - a potion of cancellation {unknown}
 j - a potion of berserk rage {unknown}
 m - 3 potions of brilliance {unknown}


   Skills:
 + Level 1.7 Short Blades
 + Level 3.0 Dodging
 + Level 6.3 Stealth
 + Level 3.2 Spellcasting
 + Level 4.1 Hexes
 + Level 0.2 Ice Magic


You had 7 spell levels left.
You knew the following spells:

 Your Spells              Type           Power      Damage    Failure   Level
a - Ensorcelled Hibernat  Hex/Ice        28%        N/A       6%          2

Your spell library contained the following spells:

 Spells                   Type           Power      Damage    Failure   Level
 Confusing Touch          Hex            23%        N/A       6%          3
 Tukima's Dance           Hex            23%        N/A       6%          3
 Dazzling Flash           Conj/Hex       26%        N/A       14%         3
 Ignite Poison            Fire/Tmut/Pois 3%         N/A       32%         3
 Mephitic Cloud           Conj/Pois/Air  3%         N/A       32%         3
 Freezing Cloud           Conj/Ice/Air   2%         6-21      96%         5


Dungeon Overview and Level Annotations

Branches:
Dungeon (3/15)

Altars:


Innate Abilities, Weirdness & Mutations

You are very small and have problems with some larger weapons.
You are too small for most types of armour.
You have supernaturally acute eyesight. (SInv)
You cover ground extremely quickly. (Speed+++)


Message History

Confirm with . or Enter, or press ? or * to list all spells.
Aiming: Ensorcelled Hibernation (safe; 6% risk of failure)
Press: ? - help, Shift-Dir - straight line, f/p - bat
Aim: a bat (chance to affect: 65%)
The bat looks drowsy...
The helpless bat fails to defend itself.
You impale the bat!!
You kill the bat!
q - a scroll labelled GUODOKU FUKIO You see here a +0 dagger.
You start resting.
Magic restored.
Found a stone staircase leading down.
A gnoll comes into view.
It is wielding a +1 halberd of freezing.
The gnoll shouts!
You hear a shout!
Casting: Ensorcelled Hibernation (safe; 6% risk of failure)
Confirm with . or Enter, or press ? or * to list all spells.
Aiming: Ensorcelled Hibernation (safe; 6% risk of failure)
Press: ? - help, Shift-Dir - straight line, f - gnoll
Aim: a gnoll, wielding a +1 halberd of freezing (chance to affect: 56%)
The gnoll resists with significant effort.
A gnoll comes into view. It is wielding a +0 flail.
Casting: Ensorcelled Hibernation (safe; 6% risk of failure)
Confirm with . or Enter, or press ? or * to list all spells.
Aiming: Ensorcelled Hibernation (safe; 6% risk of failure)
Press: ? - help, Shift-Dir - straight line, f/p - gnoll
Aim: a gnoll, wielding a +1 halberd of freezing (chance to affect: 56%)
The gnoll resists with significant effort.
The gnoll barely misses you.
Casting: Ensorcelled Hibernation (safe; 6% risk of failure)
Confirm with . or Enter, or press ? or * to list all spells.
Aiming: Ensorcelled Hibernation (safe; 6% risk of failure)
Press: ? - help, Shift-Dir - straight line, f/p - gnoll
Aim: a gnoll, wielding a +1 halberd of freezing (chance to affect: 56%)
The gnoll resists with significant effort.
The gnoll hits you from afar with a +1 halberd of freezing!
Ouch! That really hurt!
* * * LOW HITPOINT WARNING * * *
The gnoll freezes you.
You die...

######.......
#...).... #........
############.###....
# ...................
#.##.##.##.##########
#>...................
#.##.##....##########
#@####### #....#
####g# #g# ... ...
... .....


You could see 2 gnolls.

Vanquished Creatures
  5 adders
  5 ball pythons
  3 bats (D:3)
  3 endoplasms
  A giant cockroach (D:1)
  4 hobgoblins
  3 jackals (D:2)
  2 kobolds (D:1)
  2 quokkas
  A frilled lizard (D:2)
  3 rats
32 creatures vanquished.

Notes
Turn   | Place    | Note
-------+----------+-------------------------------------------
     0 | D:1      | zeratav the Spriggan Enchanter began the quest for the Orb.
     0 | D:1      | Reached XP level 1. HP: 9/9 MP: 5/5
   753 | D:1      | Reached XP level 2. HP: 13/13 MP: 6/6
   758 | D:1      | Learned a level 2 spell: Ensorcelled Hibernation
  1475 | D:2      | Reached skill level 5 in Stealth
  1529 | D:2      | Found a faded altar of an unknown god.
  1792 | D:2      | Reached XP level 3. HP: 16/16 MP: 4/8
  2432 | D:3      | Reached skill level 6 in Stealth
  2446 | D:3      | Reached XP level 4. HP: 18/21 MP: 2/9
  2714 | D:3      | Slain by a gnoll

Illustrated notes

Levels and vault maps discovered:
D:1:      dpeg_arrival_round_c, layout_basic
D:2:      layout_loops_corners, hellmonk_ecumenical_altar_lost_god
D:3:      layout_basic, xom_teletrap_fun, minmay_close_crescents

Skill      XL: |  1  2  3 |
---------------+----------+-----
Dodging        | 3 |  3.0
Stealth        | 5 6 |  6.3
Hexes          | 4 |  4.1
Spellcasting   | 3 |  3.2
Short Blades   | |  1.7
Ice Magic      | |  0.2

Action                   |  1- 3 |  4- 6 || total
-------------------------+-------+-------++-------
Melee: Dagger            |    48 |     3 ||    51
 Cast: Ensorcelled Hiber |    22 |    10 ||    32
 Stab: Sleeping          |    26 |     3 ||    29
Armor: Robe              |     3 |       ||     3
Dodge: Dodged            |    18 |     3 ||    21
